Workbook
Name _Fill: #REF!
Name _Key1: #REF!
Name _Order1: 255
Name _Sort: #REF!
Name A: #REF!
Name AAA: #REF!*#REF!
Name AAA: #REF!*#REF!
Name AC: #REF!
Name Acero: #N/A
Name afg: #REF!
Name Agregados: #N/A
Name aiu: #REF!
Name andres: #REF!
Name Apar.Sanitarios: #N/A
Name ASDF: #REF!
Name BJHFYFYJLJK: #REF!*#REF!
Name BJHFYFYJLJK: #REF!*#REF!
Name BVCBCVBCVB: #REF!*#REF!
Name BVCBCVBCVB: #REF!*#REF!
Name cantidad: #REF!
Name Carp.Aluminio: #N/A
Name Carp.Metalica: #N/A
Name CategoryArea: #REF!,#REF!,#REF!,#REF!,#REF!
Name cdes: #REF!
Name Cerrajeria: #N/A
Name citem: #REF!
Name Ciudades: #REF!
Name Combustible: #N/A
Name CONCEPTO: #REF!
Name Concretos: #N/A
Name CORTEACTIVIDAD: #REF!
Name CORTEITEM: #REF!
Name CORTEUNIDAD: #REF!
Name Cuadrillas: #N/A
Name Cubierta: #N/A
Name cuni: #REF!
Name DDSDSDSDSD: #REF!
Name Drywall: #N/A
Name DSDS: #REF!*#REF!
Name DSDS: #REF!*#REF!
Name DWQ: #REF!
Name EQU: #REF!
Name EQUIPOS: #REF!
Name EquiposEspeciales: #N/A
Name ESTACION: #REF!
Name FERNANDO: #N/A
Name Ferreteria: #N/A
Name Formaletas: #N/A
Name Geosinteticos: #N/A
Name HGF: #REF!
Name HGGG: #REF!
Name HJFGHFBM: #REF!*#REF!
Name HJFGHFBM: #REF!*#REF!
Name Impermeabilizantes: #N/A
Name Inst.Electricas: #N/A
Name Inst.Hidrosanitarias: #N/A
Name INSTALACIONES: #N/A
Name INSTALACIONESELÉCTRICAS: #N/A
Name INSUMOS: INSUMOS!$A$6:$D$893
Name ITEM: #REF!

Sheet ppto oficial 
A1: FORMATO COTIZACIÓN
A3: Objeto: | B3: “Contratar por el sistema de precios unitarios fijos, sin fórmula de reajuste el mantenimiento de la fachada exterior de la sede central del Servicio Geológico Colombiano, conforme a las especificaciones técnicas de la Entidad”
A4: N.º | B4: DESCRIPCIÓN | C4: UND. | D4: CANTIDAD | E4: VALOR UNITARIO | F4: VALOR TOTAL
A5: 1 | B5: Actividades Preliminares
A6: 1.1 | B6: Localizacion y replanteo | C6: m2 | D6: 1201.5 | E6: 7320 | F6: =ROUND((D6*E6),2) -> 8794980
A7: 1.2 | B7: Cerramiento en polisombra con madera rolliza incluye bloque en cemento | C7: ml | D7: 160 | E7: 42940 | F7: =ROUND((D7*E7),2) -> 6870400
A8: 1.3 | B8: Lavado de fachada con hidrolavadora incluye andamiado y salvavida | C8: m2 | D8: 539.1 | E8: 34259 | F8: =ROUND((D8*E8),2) -> 18469027
A9: 2 | B9: Actividades particulares
A10: 2.1 | B10: Reparacion de humedad en superficie incluye escarificacion , antihongo | C10: m2 | D10: 125 | E10: 35809 | F10: =ROUND((D10*E10),2) -> 4476125
A11: 2.2 | B11: Reparacion de marcos de ventaneria metalica (Incluye rectificación, lijado, pintura anticorrosiva y lacado). | C11: m2 | D11: 621 | E11: 34583 | F11: =ROUND((D11*E11),2) -> 21476043
A12: 3 | B12: Actividades de proteccion
A13: 3.1 | B13: Tratamiento quimico fachada muro en ladrillo a la vista | C13: m2 | D13: 369.2 | E13: 49145 | F13: =ROUND((D13*E13),2) -> 18144334
A14: 3.2 | B14: Tratamiento quimico fachada muro en piedra muñeca o Bogotana | C14: m2 | D14: 236 | E14: 54527 | F14: =ROUND((D14*E14),2) -> 12868372
A15: 3.3 | B15: Tratamiento de humedad de muros hasta 1,2 m de altura con sika impermur o similar | C15: m2 | D15: 200 | E15: 38055 | F15: =ROUND((D15*E15),2) -> 7611000
A16: 3.4 | B16: Retiro pelicula polarizada de ventanales (incluye limpieza de los vidrios) | C16: m2 | D16: 378 | E16: 19726 | F16: =ROUND((D16*E16),2) -> 7456428
A17: 3.5 | B17: Suministro e instalacion de pelicula polarizada en ventanales | C17: m2 | D17: 378 | E17: 70673 | F17: =ROUND((D17*E17),2) -> 26714394
A18: 3.6 | B18: Sellamiento hermetico de marcos metalicos de ventanas a los vanos de los muros. | C18: ml | D18: 1080 | E18: 19379 | F18: =ROUND((D18*E18),2) -> 20929320
A19: 3.7 | B19: Mantenimiento y reposición e instalación de enchape mármol piedra muñeca | C19: m2 | D19: 50 | E19: 210206 | F19: =ROUND((D19*E19),2) -> 10510300
A20: 3.8 | B20: Reparación de muro en mampostería en zonas afectadas (Incluye suministro y colocación de ladrillo tolete, mortero de pega) | C20: m2 | D20: 30 | E20: 114588 | F20: =ROUND((D20*E20),2) -> 3437640
A21: 3.9 | B21: Escarificación y preparación de superficie para elementos estructurales, incluye sellado de fisuras (vigas de corona, columnas, placa de entrepieso). | C21: m2 | D21: 65 | E21: 69687 | F21: =ROUND((D21*E21),2) -> 4529655
A22: 3.1 | B22: Limpieza portones metalicos bodegas (Incluye lijado y alistamiento) | C22: m2 | D22: 145 | E22: 23976 | F22: =ROUND((D22*E22),2) -> 3476520
A23: 3.11 | B23: Suministro, aplicación y terminado de pintura anticorrosiva color gris para portones metalicos. | C23: m2 | D23: 145 | E23: 37041 | F23: =ROUND((D23*E23),2) -> 5370945
A24: 4 | B24: Arquitectura
A25: 4.1 | B25: Pintura koraza sobre pañete tres manos incluye acronal y andamiado | C25: m2 | D25: 614 | E25: 36196 | F25: =ROUND((D25*E25),2) -> 22224344
A26: 4.2 | B26: Pañete impermeabilizado 2 cm de espesor | C26: m2 | D26: 120 | E26: 40030 | F26: =ROUND((D26*E26),2) -> 4803600
A27: 4.3 | B27: suministro e instalacion de ventana 3+3 con cinta de seguridad. | C27: m2 | D27: 5 | E27: 588666 | F27: =ROUND((D27*E27),2) -> 2943330
A28: 4.4 | B28: suministro e instalacion de malla para pañete icluye engrapado | C28: m2 | D28: 228 | E28: 23345 | F28: =ROUND((D28*E28),2) -> 5322660
A29: 5 | B29: Aseo
A30: 5.1 | B30: Aseo final de obra | C30: Glb | D30: 1 | E30: 4715469 | F30: =ROUND((D30*E30),2) -> 4715469
A31: Total costo directo | F31: =+SUM(F6:F30) -> 2.2114489e+08
A32: Adminitracion | E32: 0.12 | F32: =+E32*F31 -> 26537386
A33: Imprevistos | E33: 0.05 | F33: =+E33*F31 -> 11057244
A34: Utilidad | E34: 0.05 | F34: =+E34*F31 -> 11057244
A35: Iva sobre utilidad | E35: 0.19 | F35: =+E35*F34 -> 2100876.4
B36: SUBTOTAL OBRAS (INCLUYE IVA) | F36: =F31+F35 -> 2.2324576e+08
A37: Total obras | F37: =+ROUND(SUM(F31:F35),2) -> 2.7189764e+08
A40: NOTA 1: Se debe tener en cuenta que el PRECIO UNITARIO incluye el valor de A.I.U. | C40: DESCRIPCION | F40: PORCENTAJE
A41: NOTA 2: Cuando la fracción decimal del peso sea igual o superior a 5 se aproximara por exceso al número entero siguiente del peso y cuando la fracción decimal del peso sea inferior a 5 se aproximará por defecto al número entero del peso. | C41: ADMINISTRACION | E41: A= | F41: 0.12
A42: NOTA 3: El A.I.U y su discriminación deben estar en porcentaje (%). | C42: IMPREVISTO | E42: I= | F42: 5%
C43: UTILIDAD | E43: U= | F43: 5%
C44: TOTAL A.I.U | E44: A.I.U.= | F44: 0.22

Sheet APUS
D2: ANÁLISIS DE PRECIOS UNITARIOS
B5: Página: 1 de | E5: DIA | F5: 30 | G5: MES | H5: 4 | I5: AÑO | J5: 2026
B7: OBJETO DEL CONTRATO | D7: “Contratar por el sistema de precios unitarios fijos, sin fórmula de reajuste el mantenimiento de la fachada exterior de la sede central del Servicio Geológico Colombiano, conforme a las especificaciones técnicas de la Entidad”
B11: ITEM: | C11: 1.1 | D11: ='ppto oficial '!B6 -> Localizacion y replanteo | I11: UNIDAD: | J11: ='ppto oficial '!C6 -> m2
B13: 1. EQUIPO
B14: CODIGO | C14: DESCRIPCIÓN | G14: TIPO | H14: TARIFA/ VJ. | I14: RENDIMIENTO | J14: VALOR UNIT
B15: E25 | C15: Equipos para medicion de areas de fachadas (Telemetros laser, estacion total) | G15: DIA | H15: 107100 | I15: 0.015 | J15: =H15*I15 -> 1606.5
B16: E1,8 | C16: Herramienta menor topografía | G16: GLB | H16: 75651.33 | I16: 0.03 | J16: =H16*I16 -> 2269.5399
I20: SUBTOTAL | J20: =ROUND((SUM(J15:J19)),2) -> 3876.04
B21: 2. MATERIALES EN OBRA
B22: CODIGO | C22: DESCRIPCION | G22: UNIDAD | H22: PRECIO/UNI | I22: CANTIDAD | J22: VALOR UNIT
C23: Simbra | G23: kg | H23: 3000 | I23: 0.5 | J23: =+I23*H23 -> 1500
C24: hilo | G24: ml | H24: 250 | I24: 1 | J24: =+I24*H24 -> 250
C25: Estaca | G25: UN | H25: 2000 | I25: 0.2 | J25: =+I25*H25 -> 400
J26: =+I26*H26 -> 0
I28: SUBTOTAL | J28: =ROUND((SUM(J23:J27)),2) -> 2150
B29: 3. TRANSPORTES
B30: CODIGO | C30: DESCRIPCION | G30: UNIDAD | H30: TARIFA | I30: VOL/PES/DIS | J30: VALOR UNIT
J32: =+G32*I32 -> 0
J33: =+G33*I33 -> 0
J34: =+G34*I34 -> 0
J35: =+G35*I35 -> 0
I36: SUBTOTAL | J36: =ROUND((SUM(J31:J35)),2) -> 0
B37: 4. MANO DE OBRA
B38: CODIGO | C38: DESCRIPCION | G38: UNIDAD | H38: PRECIO/UNI | I38: RENDIMIENTO | J38: VALOR UNIT
B39: M10 | C39: =VLOOKUP(B39,CUADRILLAS!$B$4:$G$19,2,) -> CUADRILLA IV (Técnico + 2 ayudante) | G39: =VLOOKUP(B39,CUADRILLAS!$B$4:$G$19,5,FALSE) -> H | H39: =VLOOKUP(B39,CUADRILLAS!$B$4:$G$19,6,FALSE) -> 91122.027 | I39: 0.014200329 | J39: =H39*I39 -> 1293.9628
J43: =+H43*I43 -> 0
I44: SUBTOTAL | J44: =SUM(J39:J43) -> 1293.9628
G46: TOTAL | J46: =ROUND((SUM(J44+J36+J28+J20)),2) -> 7320 | L46: 7320
G48: TOTAL COSTO DIRECTO | J48: =+J46+J47 -> 7320
D53: ANÁLISIS DE PRECIOS UNITARIOS
B56: Página: 1 de | E56: DIA | F56: 30 | G56: MES | H56: 4 | I56: AÑO | J56: 2026
B58: OBJETO DEL CONTRATO | D58: “Contratar por el sistema de precios unitarios fijos, sin fórmula de reajuste el mantenimiento de la fachada exterior de la sede central del Servicio Geológico Colombiano, conforme a las especificaciones técnicas de la Entidad”
B62: ITEM: | C62: 1.2 | D62: ='ppto oficial '!B7 -> Cerramiento en polisombra con madera rolliza incluye bloque en cemento | I62: UNIDAD: | J62: ='ppto oficial '!C7 -> ml
B64: 1. EQUIPO
B65: CODIGO | C65: DESCRIPCIÓN | G65: TIPO | H65: TARIFA/ VJ. | I65: RENDIMIENTO | J65: VALOR UNIT
B66: E1 | C66: Herramienta menor | G66: GLB | H66: =+J89 -> 7317.1422 | I66: 0.05 | J66: 365.85711
I71: SUBTOTAL | J71: =ROUND((SUM(J66:J70)),2) -> 365.86
B72: 2. MATERIALES EN OBRA
B73: CODIGO | C73: DESCRIPCION | G73: UNIDAD | H73: PRECIO/UNI | I73: CANTIDAD | J73: VALOR UNIT
B74: A3 | C74: =VLOOKUP(B74,INSUMOS!$B$3:$E$310,2,FALSE) -> Polisombra | G74: ML | H74: 2908 | I74: 1 | J74: =I74*H74 -> 2908
B75: A4 | C75: =VLOOKUP(B75,INSUMOS!$B$3:$E$310,2,FALSE) -> Madera rolliza ø entre 16 y 20cm (Eucalipto), longitud 6,00 m, inmunizada en autoclave. | G75: =VLOOKUP(B75,INSUMOS!$B$3:$E$310,3,FALSE) -> UND | H75: =VLOOKUP(B75,INSUMOS!$B$3:$E$310,4,FALSE) -> 28600 | I75: 0.5 | J75: =I75*H75 -> 14300
C76: Bloque en cemento | G76: UND | H76: 22764.66 | I76: 0.5 | J76: =I76*H76 -> 11382.33
J77: =+I77*H77 -> 0
I79: SUBTOTAL | J79: =ROUND((SUM(J74:J78)),2) -> 28590.33
B80: 3. TRANSPORTES
B81: CODIGO | C81: DESCRIPCION | G81: UNIDAD | H81: TARIFA | I81: VOL/PES/DIS | J81: VALOR UNIT
B82: T1 | C82: =VLOOKUP(B82,INSUMOS!$Q$4:$V$11,2,FALSE) -> Volqueta sencilla (6 M3) | G82: =VLOOKUP(B82,INSUMOS!$Q$4:$V$11,5,FALSE) -> 6 M3 VJ | H82: =VLOOKUP(B82,INSUMOS!$Q$4:$V$11,6,FALSE) -> 120000 | I82: =1/(6*3) -> 0.055555556 | J82: =+H82*I82 -> 6666.6667
J84: =+G84*I84 -> 0
J85: =+G85*I85 -> 0
I86: SUBTOTAL | J86: =ROUND((SUM(J82:J85)),2) -> 6666.67
B87: 4. MANO DE OBRA
B88: CODIGO | C88: DESCRIPCION | G88: UNIDAD | H88: PRECIO/UNI | I88: RENDIMIENTO | J88: VALOR UNIT
B89: M10 | C89: =VLOOKUP(B89,CUADRILLAS!$B$4:$G$19,2,) -> CUADRILLA IV (Técnico + 2 ayudante) | G89: =VLOOKUP(B89,CUADRILLAS!$B$4:$G$19,5,FALSE) -> H | H89: =VLOOKUP(B89,CUADRILLAS!$B$4:$G$19,6,FALSE) -> 91122.027 | I89: 0.080300477 | J89: =H89*I89 -> 7317.1422
J93: =+H93*I93 -> 0
I94: SUBTOTAL | J94: =SUM(J89:J93) -> 7317.1422
G96: TOTAL | J96: =ROUND((SUM(J94+J86+J79+J71)),2) -> 42940 | L96: 42940
G98: TOTAL COSTO DIRECTO | J98: =+J96+J97 -> 42940
D103: ANÁLISIS DE PRECIOS UNITARIOS
B106: Página: 1 de | E106: DIA | F106: 30 | G106: MES | H106: 4 | I106: AÑO | J106: 2026
B108: OBJETO DEL CONTRATO | D108: “Contratar por el sistema de precios unitarios fijos, sin fórmula de reajuste el mantenimiento de la fachada exterior de la sede central del Servicio Geológico Colombiano, conforme a las especificaciones técnicas de la Entidad”
B112: ITEM: | C112: 1.3 | D112: ='ppto oficial '!B8 -> Lavado de fachada con hidrolavadora incluye andamiado y salvavida | I112: UNIDAD: | J112: =VLOOKUP(C112,'ppto oficial '!$A$5:$D$30,3,FALSE) -> m2
B114: 1. EQUIPO
B115: CODIGO | C115: DESCRIPCIÓN | G115: TIPO | H115: TARIFA/ VJ. | I115: RENDIMIENTO | J115: VALOR UNIT
B116: E1 | C116: Herramienta menor | G116: GLB | H116: =+J139 -> 28869.282 | I116: 0.05 | J116: 365.85711
B117: E68 | C117: =VLOOKUP(B117,INSUMOS!$K$4:$N$135,2,FALSE) -> Hidrolavadora eléctrica | G117: =VLOOKUP(B117,INSUMOS!$K$4:$N$135,3,FALSE) -> Día | H117: =VLOOKUP(B117,INSUMOS!$K$4:$N$135,4,FALSE) -> 76800 | I117: =+I139/8 -> 0.056575005 | J117: =+H117*I117 -> 4344.9604
B118: E16 | C118: =VLOOKUP(B118,INSUMOS!$K$4:$N$135,2,FALSE) -> Andamio certificado x modulo | G118: =VLOOKUP(B118,INSUMOS!$K$4:$N$135,3,FALSE) -> DIA | H118: =VLOOKUP(B118,INSUMOS!$K$4:$N$135,4,FALSE) -> 12000 | I118: =+I139/8 -> 0.056575005 | J118: =+H118*I118 -> 678.90006
I121: SUBTOTAL | J121: =ROUND((SUM(J116:J120)),2) -> 5389.72
B122: 2. MATERIALES EN OBRA
B123: CODIGO | C123: DESCRIPCION | G123: UNIDAD | H123: PRECIO/UNI | I123: CANTIDAD | J123: VALOR UNIT
I128: SUBTOTAL | J128: =ROUND((SUM(J125:J127)),2) -> 0
B129: 3. TRANSPORTES
B130: CODIGO | C130: DESCRIPCION | G130: (M3-TON-KG-KM) | H130: TARIFA | I130: VOL/PES/DIS | J130: VALOR UNIT
J131: =H131*I131 -> 0
J132: =+G132*I132 -> 0
J133: =+G133*I133 -> 0
J134: =+G134*I134 -> 0
J135: =+G135*I135 -> 0
I136: SUBTOTAL | J136: =ROUND((SUM(J131:J135)),2) -> 0
B137: 4. MANO DE OBRA
B138: CODIGO | C138: DESCRIPCION | G138: UNIDAD | H138: PRECIO/UNI | I138: RENDIMIENTO | J138: VALOR UNIT
B139: M7 | C139: =VLOOKUP(B139,CUADRILLAS!$B$4:$G$19,2,) -> CUADRILLA I (Oficial + ayudante) | G139: =VLOOKUP(B139,CUADRILLAS!$B$4:$G$19,5,FALSE) -> H | H139: =VLOOKUP(B139,CUADRILLAS!$B$4:$G$19,6,FALSE) -> 63785.418 | I139: 0.45260004 | J139: =H139*I139 -> 28869.282
J143: =+H143*I143 -> 0
I144: SUBTOTAL | J144: =SUM(J139:J143) -> 28869.282
G146: TOTAL | J146: =ROUND((SUM(J144+J136+J128+J121)),2) -> 34259 | L146: 34259
G148: TOTAL COSTO DIRECTO | J148: =+J146+J147 -> 34259
D153: ANÁLISIS DE PRECIOS UNITARIOS
B156: Página: 1 de | E156: DIA | F156: 30 | G156: MES | H156: 4 | I156: AÑO | J156: 2026
B158: OBJETO DEL CONTRATO | D158: “Contratar por el sistema de precios unitarios fijos, sin fórmula de reajuste el mantenimiento de la fachada exterior de la sede central del Servicio Geológico Colombiano, conforme a las especificaciones técnicas de la Entidad”
B162: ITEM: | C162: 2.1 | D162: ='ppto oficial '!B10 -> Reparacion de humedad en superficie incluye escarificacion , antihongo | I162: UNIDAD: | J162: =VLOOKUP(C162,'ppto oficial '!$A$5:$D$30,3,FALSE) -> m2
B164: 1. EQUIPO
B165: CODIGO | C165: DESCRIPCIÓN | G165: TIPO | H165: TARIFA/ VJ. | I165: RENDIMIENTO | J165: VALOR UNIT
B166: E1 | C166: Herramienta menor | G166: GLB | H166: =+J188 -> 29157.466 | I166: 0.05 | J166: 365.85711
B167: E16 | C167: =VLOOKUP(B167,INSUMOS!$K$4:$N$135,2,FALSE) -> Andamio certificado x modulo | G167: =VLOOKUP(B167,INSUMOS!$K$4:$N$135,3,FALSE) -> DIA | H167: =VLOOKUP(B167,INSUMOS!$K$4:$N$135,4,FALSE) -> 12000 | I167: =+I188/8 -> 0.057139757 | J167: =+H167*I167 -> 685.67709
I171: SUBTOTAL | J171: =ROUND((SUM(J166:J170)),2) -> 1051.53
B172: 2. MATERIALES EN OBRA
B173: CODIGO | C173: DESCRIPCION | G173: UNIDAD | H173: PRECIO/UNI | I173: CANTIDAD | J173: VALOR UNIT
B174: A555 | C174: Antihongo aditivo y algas | G174: Kg | H174: 14000 | I174: 0.4 | J174: =+I174*H174 -> 5600
I177: SUBTOTAL | J177: =ROUND((SUM(J174:J176)),2) -> 5600
B178: 3. TRANSPORTES
...

Sheet INSUMOS
B2: CODIGO | C2: INSUMO | D2: UNIDAD | E2: PRECIO ELEGIDO | F2: PRECIO | G2: FUNTE | H2: PRECIO | I2: FUENTE | K2: EQUIPO | Q2: TRANSPORTE | X2: MANO DE OBRA
B3: A10 | C3: Recebo común incluye transporte | D3: M3 | E3: =120000/6 -> 20000 | F3: =120000/6 -> 20000 | G3: Transporte de materiales pétreos de la cantera Los Pochos hasta la obra | H3: 20000 | I3: Transporte de materiales pétreos de la cantera La Fontana hasta la obra. | K3: CODIGO | L3: DESCRIPCIÓN | M3: TIPO | N3: TARIFA/ VJ. | Q3: CODIGO | R3: DESCRIPCION | U3: (M3-TON-KG-KM) | V3: TARIFA | X3: CODIGO | Y3: DESCRIPCION | AB3: UNIDAD | AD3: PRECIO/UNI
B4: A100 | C4: Escalera de gato recubierta | D4: PELDAÑO | E4: 77000 | K4: E1 | L4: Herramienta menor | Q4: T1 | R4: Volqueta sencilla (6 M3) | U4: 6 M3 VJ | V4: 120000 | X4: M1 | Y4: Ayudante | AB4: H | AC4: =+AD4*1.095 -> 24851.463 | AD4: 22695.4
B5: A101 | C5: Terminal barril largo 2 AWG un ojo | D5: UND | E5: 12714 | K5: E1,8 | L5: Herramienta menor topografía | N5: =+AD12 -> 75651.33 | Q5: T2 | R5: Transporte de andamio | U5: SC X 24 | V5: 1600000 | X5: M2 | Y5: Maestro de obra | AB5: H | AC5: =+AD5*1.095 -> 33135.28 | AD5: 30260.53
B6: A102 | C6: Ladrillo tolete comun 25*12*6 cm | D6: UND | E6: 800 | K6: E10 | L6: Vibrador de concreto de aguja a gasolina | M6: dia | N6: 31800 | Q6: T3 | R6: Camioneta ( 1 TON) | U6: 1 TON | V6: 850000 | X6: M3 | Y6: Operario de maquinaria | AB6: H | AC6: =+AD6*1.095 -> 33135.28 | AD6: 30260.53
B7: A103 | C7: Tubo Metálico EMT Conduit Galvanizado de 1½" x 1Mts | D7: ML | E7: =74556/3 -> 24852 | K7: E11 | L7: Escalera de tijera 6 pasos | N7: 32000 | Q7: T4 | R7: Derecho a botadero | V7: 5000 | X7: M4 | Y7: Técnico | AB7: H | AC7: =+AD7*1.095 -> 33135.28 | AD7: 30260.53
B8: A103- | C8: Arena de peña | D8: M3 | E8: 89049 | K8: E12 | L8: Cortadora de ladrillo | N8: 12000 | Q8: T5 | R8: Camion Bogota - Garagoa | U8: VJ | V8: 1200000 | X8: M5 | Y8: Topógrafo | AB8: H | AC8: =+AD8*1.095 -> 44697.9 | AD8: 40820
B9: A104 | C9: Curva 90 EMT Conduit Galvanizado de 1½" | D9: UND | E9: 8900 | K9: E13 | L9: Martillo demoledor de muro a 110 V, 1500 W, 16.8 J | N9: 60000 | Q9: T7 | R9: Derecho a botadero VJ | U9: VJ | V9: 5000 | X9: M6 | Y9: Cadenero | AB9: H | AC9: =+AD9*1.095 -> 24851.463 | AD9: 22695.4
B10: A105 | C10: Curva 90 EMT Conduit Galvanizado de 1" | D10: UND | E10: 3500 | K10: E14 | L10: Cortadora de pavimento, profundidad de corte: 16- 19 cm. capacidad de disco: desde 12" hasta 20" de diámetro | N10: =22815*1.05 -> 23955.75 | Q10: T8 | R10: Transporte de acero | U10: KG | V10: 82 | X10: M7 | Y10: CUADRILLA I (Oficial + ayudante) | AB10: H | AC10: =+AD10*1.095 -> 57986.743 | AD10: =+AD4+AD5 -> 52955.93
B11: A106 | C11: Terminal EMT conector de 1" | D11: UND | E11: 2042 | K11: E15 | L11: Sierra circular 7-1/4pulg 1500W 5800rpm | N11: 60000 | Q11: T9 | R11: Transporte de agregado M3 / KM | U11: 1 | V11: 1400 | X11: M8 | Y11: CUADRILLA II (Técnico + ayudante) | AB11: H | AC11: =+AD11*1.095 -> 57986.743 | AD11: =+AD4+AD7 -> 52955.93
B12: A107 | C12: Unión EMT de 1" | D12: UND | E12: 1150 | K12: E16 | L12: Andamio certificado x modulo | M12: DIA | N12: 12000 | X12: M9 | Y12: CUADRILLA III (Oficial + 2 ayudante) | AB12: H | AC12: =+AD12*1.095 -> 82838.206 | AD12: =+AD5+AD4*2 -> 75651.33
B13: A108 | C13: Cable Cu aislado tipo HFFR-LS No. 6 | D13: ML | E13: 10550 | K13: E17 | L13: Pulidora de 4 1/2" | N13: =31500+10500 -> 42000 | X13: M10 | Y13: CUADRILLA IV (Técnico + 2 ayudante) | AB13: H | AC13: =+AD13*1.095 -> 82838.206 | AD13: 75651.33
B14: A109 | C14: Terminal barril largo 6 AWG un ojo | D14: UND | E14: 1200 | K14: E18 | L14: Formaleta metálica para caisson | N14: 5200 | X14: M11 | Y14: CUADRILLA V (Oficial + 3 ayudante) | AB14: H | AC14: =+AD14*1.095 -> 107689.67 | AD14: =+AD5+AD4*3 -> 98346.73
B15: A11 | C15: Geotextil NT 1500, | D15: M2 | E15: 5500 | K15: E19 | L15: Formaleta metálica (incluye 4 secciones, pernos, amarres) | M15: SEMANA | N15: =6000*7 -> 42000 | X15: M12 | Y15: CUADRILLA VI (Oficial + 4 ayudante) | AB15: H | AC15: =+AD15*1.095 -> 132541.13 | AD15: =+AD5+AD4*4 -> 121042.13
B16: A110 | C16: Tubo Metálico EMT Conduit Galvanizado de 11/4" x 1Mts | D16: ML | E16: =68800/3 -> 22933.333 | K16: E2 | L16: Minicargador | M16: HORA | N16: 102100 | X16: M13 | Y16: CUADRILLA VII (Oficial + 6 ayudante) | AB16: H | AC16: =+AD16*1.095 -> 182244.06 | AD16: =+AD5+AD4*6 -> 166432.93
B17: A111 | C17: Curva 90 EMT Conduit Galvanizado de 11/4" | D17: UND | E17: 8032 | K17: E20 | L17: Tabla formaleta madera 1" x 12" | N17: 5780 | X17: M14 | Y17: CUADRILLA VIII (3 Oficial + 6 ayudante) | AB17: H | AC17: =+AD17*1.095 -> 248514.62 | AD17: =+AD5*3+AD4*6 -> 226953.99
B18: A112 | C18: Terminal EMT conector de 11/4" | D18: UND | E18: 3300 | K18: E3 | L18: Compresor de aire 185 cmf, con rango de presión entre 80 y 150 psi, velocidad de 2600 rpm, mecanismo portable con motor de combustión a diesel. Conexión para dos martillos neumáticos de 60 o 90 libras y manguera para Sandblasting. (Incluye 2 Martillos) | N18: =550000 -> 550000 | X18: M15 | Y18: CUADRILLA IX (Tópógrafo + Cadenero) | AB18: H | AC18: =+AD18*1.095 -> 94400.826 | AD18: =+AD8+AD9*2 -> 86210.8
B19: A113 | C19: Unión EMT de 11/4" | D19: UND | E19: 6900 | K19: E4 | L19: Disco diamantado concreto de 18" | N19: 1229900 | X19: M16 | Y19: CUADRILLA X (Personal especializado) | AB19: H | AC19: =+AD19*1.095 -> 140824.95 | AD19: =+AD9+AD10*2 -> 128607.26
B20: A114 | C20: Tubo Metálico EMT Conduit Galvanizado de 1" x 1Mts | D20: ML | E20: =43155/3 -> 14385 | K20: E5 | L20: Taladro Manual de 1/2″ | N20: 35000
B21: A115 | C21: Caja metálica galvanizada ref. 5800 2x4 Cal 20 | D21: UND | E21: 2350 | K21: E6 | L21: Mezclador de concreto manual (1 bultos) | N21: 38000
B22: A116 | C22: Unión EMT de 1½" | D22: UND | E22: 7900 | K22: E7 | L22: Compactador manual | N22: 55000
B23: A117 | C23: Terminal EMT conector de 1½" | D23: UND | E23: 4000 | K23: E8 | L23: Mini Retroexcavadora | N23: 662400
B24: A118 | C24: Casetón o Bovedillas en icopor y poliestireno expandido | D24: M2 | E24: 19900 | K24: E21 | L24: Martillo demoledor 75 joules | N24: 120000
B25: A119 | C25: Interruptor tripolar enchufable 63A, 10kA a 110V/ 6kA a 230V | D25: UND | E25: 53778 | K25: E22 | L25: Soplete para tela asfáltica gas propano | N25: 50000
B26: A12 | C26: Tubéría de 3" perforada | D26: ML | E26: =149000/3 -> 49666.667 | K26: E23 | L26: Pipeta de gas | M26: UND | N26: 37000
B27: A120 | C27: Tablero Transferencia automática 200A de fabricación especial | D27: UND | E27: 6128500 | K27: E24 | L27: Pluma grúa eléctrica | N27: =25000*1.2 -> 30000
B28: A121 | C28: Tablero Transferencia automática BCI 100A de fabricación especial | D28: UND | K28: E25 | L28: Equipo de soldadura MIG 250A | N28: 96712
B29: A122 | C29: Tablero General de Acometidas TGC a 208V de fabricación especial | D29: UND | K29: E26 | L29: Cizalladora manual, cortadora de acero 24" Incluye disco y extension | M29: UND | N29: =3034000/15 -> 202266.67
B30: A123 | C30: Celda de medida y protección norma CT-2054-A | D30: UND | K30: E27 | L30: Dispositivo Minicargador | M30: Hora | N30: 86300
B31: A124 | C31: Transformador Trifásico seco con celda de transformador de 75kVA, 13200- 208/120V, con regulación de 5 posiciones con variación del 2,5%. Incluye DPS, soporte para instalación de DPS, ruedas orientables, orejas de levante, terminales de tierra, neutro y terminales en primario y secundario, y elementos de fijación. | D31: UND | E31: 19334094 | K31: E28 | L31: Porta Pallet Minicargador | M31: Hora | N31: 16500
B32: A125 | C32: Celda de transformador según norma CT-2055-A | D32: UND | K32: E29 | L32: Miniretroexcavadora | M32: Hora | N32: 123700
B33: A126 | C33: Malla vena | D33: M2 | E33: 5100 | K33: E30 | L33: Dispositivo Miniretroexcavadora | M33: Hora | N33: 103500
B34: A126 | C34: UPS 15kVA ON LINE Doble Conversión Trifásica - Configuración tipo torre- Controlador DSP - Entrada Dual (Red y Generador) - Conexión en paralelo (Escalabilidad o Redundancia) hasta 8 equipos - Display Touch Screen. Bypass de Mantenimiento y Automático - Eficiencia AC- AC 96% - Modo Eco mode 98% - Indicador de estado de la UPS con barra de iluminación. Incluye Banco de Baterias interno con mínimo 5 minutos a plena carga, incluye tarjeta de comunicación, incluye suministro de DPS para entrada y salida de la UPS de 80kA. Incluye instalación a cero metros y entrega en plataforma de camión. | D34: UND | E34: 15679580 | K34: E31 | L34: MAQUINARIA MAYOR
B35: A127 | C35: Planta eléctrica 75kVA 208V efectivos en sitio. Incluye silenciador de escape, tanque de combustible, amortiguadores de vibración, precalentador, gobernador, cargador automático de baterías, tablero de control digital, módulo de arranque automático y cabina tipo intemperie, elementos de fijación, marquillado y accesorios. | D35: UND | E35: 105768390 | K35: E32 | L35: Bicilindro RZ216V | M35: Hora | N35: 85000
B36: A128 | C36: Marco y Tapa caja inspección doble EBSA 2007A (angulo de 2 1/2 x 2 1/2 x 3/16) | D36: UND | E36: 901750 | K36: E33 | L36: Bicilindro XMR303 compactador | M36: Hora | N36: 123600
B37: A129 | C37: Caja de inspección de conexión eléctrica, prefabricada de concreto, sin fondo, registrable, de 30x30x30 cm de medidas interiores, con paredes rebajadas para la entrada de tubos, capaz de soportar una carga de 400 kN. | D37: UND | E37: 107050 | K37: E34 | L37: Compresor de aire 150 lbs | M37: dia | N37: 50400
B38: A13 | C38: Bloque en cemento estrucrural H-12 liso gris de 19x12x39 CM | D38: UND | E38: 2531.41 | K38: E35 | L38: Compresor Neumático | M38: dia | N38: 291200
B39: A130 | C39: Marco de lámina galvanizada y tapa de concreto armado aligerado, de 39,5x38,5 cm, para caja de inspección de conexión eléctrica, capaz de soportar una carga de 125 kN. | D39: UND | E39: 73529 | K39: E36 | L39: Montacargas | M39: Hora | N39: 84600
B40: A131 | C40: Lámina de alfajor con espesor mínimo de 3mm para cárcamo en concreto, incluye manija | D40: M2 | E40: =(441788/3)*1.1 -> 161988.93 | K40: E37 | L40: MAQUINARIA MENOR
B41: A132 | C41: Cable MT 35mm2 ACC XLPE 15kV 100º C | D41: ML | E41: 65000 | K41: E38 | L41: Taladro rotopercutor DW32 | M41: Día | N41: 42000
B42: A133 | C42: Terminales Premoldeadas Int 15 KV - 2 - 35 - Juego x 3 Unidades | D42: UND | E42: 337500 | K42: E39 | L42: Taladro rotopercutor DW52 | M42: Día | N42: 36000
B43: A134 | C43: Tubo PVC Conduit DB Tipo pesado de 4" x 1Mts | D43: ML | E43: =53050/3 -> 17683.333 | K43: E40 | L43: Bicilindro RL700 | M43: Día | N43: 244800
B44: A135 | C44: Terminal PVC conector de 4" | D44: UND | E44: 10150 | K44: E41 | L44: Monocilindro RL600 | M44: Día | N44: 132000
B45: A136 | C45: Varilla C.W. 5/8" x 2.44 m | D45: UND | E45: 218750 | K45: E42 | L45: Apisonador tipo canguro | M45: Día | N45: 55000
B46: A137 | C46: Soldadura Exotérmica 150gr | D46: UND | E46: 24750 | K46: E43 | L46: Placa vibratoria tipo rana | M46: Día | N46: 42000
B47: A138 | C47: Cable de cobre desnudo No 2/0 | D47: ML | E47: =69342/2 -> 34671 | K47: E44 | L47: Concretadora 2 sacos eléctrica | M47: Día | N47: 49400
B48: A139 | C48: Barraje equipotencial de cobre 600A-15kV | D48: UND | E48: 4039554 | K48: E45 | L48: Concretadora 2 sacos a gasolina | M48: Día | N48: 49400
B49: A14 | C49: Material drenante de 1 a 1.5" | D49: M3 | E49: 119840 | K49: E46 | L49: Vibrador eléctrico | M49: Día | N49: 24000
B50: A140 | C50: Soporte para barraje Juego por 2 unidades | D50: JG | E50: 9950 | K50: E47 | L50: Vibrador a gasolina | M50: Día | N50: 31800
B51: A141 | C51: Aislador de pin para 13,2 kV | D51: UND | E51: 19250 | K51: E48 | L51: Allanadora de concreto | M51: Día | N51: 76320
B52: A142 | C52: Arandela cuadrada de 5/8" | D52: UND | E52: 4900 | K52: E49 | L52: Regla vibratoria 4MTS | M52: Día | N52: 53200
B53: A143 | C53: Arandela redonda de 1/2" | D53: UND | E53: 400 | K53: E50 | L53: Flota canal | M53: Día | N53: 39600
B54: A144 | C54: Porta aislador pasante para cruceta de madera | E54: 13100 | K54: E51 | L54: Rastrillo | M54: Día | N54: 39600
B55: A145 | C55: Cruceta de madera inmunizada de 2,0 m | D55: UND | E55: 144300 | K55: E52 | L55: Martillo demoledor de piso | M55: Día | N55: 84800
B56: A146 | C56: Diagonal metálica en V de 1,1 m para cruceta de madera | D56: UND | E56: 38550 | K56: E53 | L56: Martillo demoledor de muro | M56: Día | N56: 60000
B57: A147 | C57: DPS polimérico 12 kV, 10kA tipo línea | D57: UND | E57: 97200 | K57: E54 | L57: Martillo demoledor mixto | M57: Día | N57: 74200
B58: A148 | C58: Seleccionador porta fusible tipo cañuela 100 A, 15 kV | D58: UND | E58: 232550 | K58: E55 | L58: Punta muela demoledor piso | M58: Día | N58: 7100
B59: A149 | C59: Cable de cobre XLPE, 15 kV | D59: ML | E59: 65000 | K59: E56 | L59: Punta muela demoledor muro | M59: Día | N59: 7100
B60: A15 | C60: Geosisntetico T2400 | D60: M2 | E60: 9460 | K60: E57 | L60: Punta muela demoledor mixto | M60: Día | N60: 7100
B61: A150 | C61: Cinta bandit de 5/8" | E61: 3100 | K61: E58 | L61: Cortadora de piso con operario, máx 5cm con disco (stand by mín 50ML/día) | M61: ML | N61: 6000
B62: A151 | C62: Hebilla bandit de 5/8" | D62: UND | E62: 750 | K62: E59 | L62: Centímetro adicional cortadora de piso | M62: Cm | N62: 1250
B63: A152 | C63: Perno de máquina d 5/8" x 10" | D63: UND | E63: 6000 | K63: E60 | L63: Cortadora de piso sin operario, sin disco, sin combustible | M63: Día | N63: 89000
B64: A153 | C64: Capacete galvanizado de 3" | D64: UND | E64: 56000 | K64: E61 | L64: Cortadora de Adobe | M64: Día | N64: 26900
B65: A154 | C65: sistema de puesta a tierra para MT media tensión | K65: E62 | L65: Motobomba gasolina 3p | M65: Día | N65: 40700
B66: A155 | C66: Cinta PVC O-22 Sellar E Impermeabilizar Juntas En Tanques | D66: ML | E66: 90593.33 | K66: E63 | L66: Bomba sumergible 3p | M66: Día | N66: 58300
B67: A156 | C67: Terminal premoldeado MT 15 kV, tipo exterior cable 2 a 3/0 | D67: UND | E67: =337500/3 -> 112500 | K67: E64 | L67: Bomba sumergible 2p | M67: Día | N67: 40800
B68: A157 | C68: Poste de ferroconcreto de 12 m, 510 kgf tipo línea | D68: UND | E68: 956950 | K68: E65 | L68: Inversor DC 110 AMP | M68: Día | N68: 50200
B69: A158 | C69: Perno de máquina de 5/8 x 12" | D69: UND | E69: 6500 | K69: E66 | L69: Inversor DC 220 AMP | M69: Día | N69: 51600
B70: A159 | C70: Esparrago galvanizado de 5/8" x 18" | D70: UND | E70: 9100 | K70: E67 | L70: Soldador DC 600 | M70: Día | N70: 136900
B71: A16 | C71: Teja de zinc | D71: M2 | E71: 9500 | K71: E68 | L71: Hidrolavadora eléctrica | M71: Día | N71: 76800
B72: A160 | C72: Grapa para operar en caliente | D72: UND | E72: 30798 | K72: E69 | L72: Pluma Grúa | M72: Día | N72: 38800
B73: A161 | C73: Perno de máquina de 1/2" x 6" | D73: UND | E73: 3100 | K73: E70 | L73: Motosierra | M73: Día | N73: 113200
B74: A162 | C74: Alambrón de aluminio 8 mm | D74: ML | E74: 4700 | K74: E71 | L74: Pulidora Manual 110V | M74: Día | N74: 15800
B75: A163 | C75: Punta captora 50cm aluminio | E75: 24650 | K75: E72 | L75: Guadaña | M75: Día | N75: 55100
B76: A164 | C76: Punta captora 100cm aluminio | E76: 39900 | K76: E73 | L76: Escalera de fibra de vidrio 40FT | M76: Día | N76: 76800
B77: A165 | C77: Soportes para captadoras para tejas de cubierta | D77: UND | E77: 35550 | K77: E74 | L77: Escalera de fibra de vidrio 28FT | M77: Día | N77: 52600
B78: A166 | C78: Soportes para alambrón para uso en cubierta de tejas | D78: UND | E78: 110000 | K78: E75 | L78: Escalera de fibra de vidrio 20FT | M78: Día | N78: 45300
B79: A167 | C79: Transformador de 45kVA | D79: UND | E79: 13392100 | K79: E76 | L79: Diferencial de cadena 2TON | M79: Día | N79: 33600
B80: A168 | C80: Clavo de acero de 2" | D80: LB | E80: 8330 | K80: E77 | L80: Planta Eléctrica 10KVA | M80: Día | N80: 87800
B81: A169 | C81: cable encauchetado | D81: ML | E81: 500 | K81: E78 | L81: Planta eléctrica 8KVA | M81: Día | N81: 53100
B82: A17 | C82: Vara rolliza diametro de 10 cm | D82: UND | E82: 18600 | K82: E79 | L82: GENERADOR DE ENERGIA
B83: A170 | C83: Ladrillo prensado liviano 24,5X12X6cm | D83: UND | E83: 1200 | K83: E80 | L83: Planta eléctrica 20KVA | M83: MES | N83: 3801600
B84: A171 | C84: Grout para reparacion | D84: KG | E84: =131550/95 -> 1384.7368 | K84: E81 | L84: Planta eléctrica 30KVA | M84: MES | N84: 3497500
B85: A172 | C85: Grafil 4 mm | D85: KG | E85: =3857/0.59 -> 6537.2881 | K85: E82 | L85: Planta eléctrica 33KVA | M85: MES | N85: 4076300
B86: A173 | C86: Grafil 4.5 mm | D86: KG | E86: 4200 | K86: E83 | L86: Planta eléctrica 35KVA | M86: MES | N86: 3954400
B87: A174 | C87: Tubos de acero de 200mmx200mmx5mm | D87: KG | E87: =1089450/(6*31.3) -> 5801.1182 | K87: E84 | L87: Planta eléctrica 50KVA | M87: MES | N87: 4245500
B88: A175 | C88: PL-1 SUP e1/4" | D88: UND | E88: 27000 | K88: E85 | L88: Planta eléctrica 66KVA | M88: MES | N88: 4459300
B89: A176 | C89: PL1- INF e1/4" | D89: UND | E89: 27000 | K89: E86 | L89: Planta eléctrica 68KVA | M89: MES | N89: 4459300
B90: A177 | C90: PL-2 e1/4" | D90: UND | E90: 27000 | K90: E87 | L90: Planta eléctrica 70KVA | M90: MES | N90: 4989600
B91: A178 | C91: PL-3 e1/4" | D91: UND | E91: 27000 | K91: E88 | L91: Planta eléctrica 75KVA | M91: MES | N91: 5623200
B92: A179 | C92: PL-4 e1/4" | D92: UND | E92: 27000 | K92: E89 | L92: Planta eléctrica 90KVA | M92: MES | N92: 5968800
B93: A18 | C93: Clavo de acero de 2 1/2" | D93: KG | E93: 20800 | K93: E90 | L93: Planta eléctrica 120KVA | M93: MES | N93: 6364500
B94: A180 | C94: PASADOR Ø3/8" | D94: UND | E94: 150000 | K94: E91 | L94: Planta eléctrica 145KVA | M94: MES | N94: 6523200
B95: A181 | C95: PERNO ROSCADO 3/8" | D95: ML | E95: 11900 | K95: E92 | L95: Planta eléctrica 165KVA | M95: MES | N95: 6984000
B96: A183 | C96: Pintura Anticorrosiva | D96: GLN | E96: 74900 | K96: E93 | L96: Planta eléctrica 212KVA | M96: MES | N96: 8896700
B97: A184 | C97: Pintura Intumescente (dos manos c/u 300 micras) | D97: GLN | E97: =1549000/5 -> 309800 | K97: E94 | L97: Planta eléctrica 250KVA | M97: MES | N97: 10134700
B98: A185 | C98: Esmalte de terminación | D98: GLN | E98: 34790 | K98: E95 | L98: Planta eléctrica 375KVA | M98: MES | N98: 12196800
B99: A186 | C99: Tornillo anclaje 1/2" | D99: UND | E99: 1850 | K99: E96 | L99: Planta eléctrica 625KVA | M99: MES | N99: 16990600
B100: A187 | C100: PL 300mmX300mmX1/2" | D100: UND | E100: 27500 | K100: E97 | L100: Torre de iluminación 2 fases 1000 wats | M100: MES | N100: 3000000
B101: A188 | C101: Tubo de acero de 135X135X4 | D101: KG | E101: 5801.12 | K101: E98
...

Sheet CUADRILLAS
B2: MANO DE OBRA | I2: Año | J2: 2026 | L2: Salario | M2: 1.472586 | N2: 1.963448 | O2: 2.648597 | P2: 8.3446546
B3: CODIGO | C3: DESCRIPCION | F3: UNIDAD | G3: VALOR | I3: Salario | J3: 1750000 | L3: Mes | M3: =+$J$3*M2 -> 2577025.5 | N3: =+$J$3*N2 -> 3436034 | O3: =+$J$3*O2 -> 4635044.7 | P3: =+$J$3*P2 -> 14603146
B4: M1 | C4: Ayudante | F4: H | G4: =+M7 -> 30551.496 | I4: Subsidio Transporte | J4: 200000 | L4: Dia | M4: =+M3/30 -> 85900.85 | N4: =+N3/30 -> 114534.47 | O4: =+O3/30 -> 154501.49 | P4: =+P3/30 -> 486771.52
B5: M2 | C5: Maestro de obra | F5: H | G5: =+O6 -> 34343.75 | I5: Salario total | J5: =+J3+J4 -> 1950000 | L5: Hora | M5: =+M4/8 -> 10737.606 | N5: =+N4/8 -> 14316.808 | O5: =+O4/8 -> 19312.686 | P5: =+P4/8 -> 60846.44
B6: M3 | C6: Operario de maquinaria | F6: H | G6: 33135.28 | I6: Factor prestacional | J6: 0.56 | L6: Hora + prestaciones | M6: =+M5*1.7783 -> 19094.685 | N6: =+N5*1.7783 -> 25459.58 | O6: =+O5*1.7783 -> 34343.75 | P6: =+P5*1.7783 -> 108203.22
B7: M4 | C7: Técnico | F7: H | G7: =33135.28035*1.17 -> 38768.278 | I7: Cesantias | J7: 0.0833 | L7: Factor Zona de muy bajo acceso (1,6) | M7: =+M6*1.6 -> 30551.496 | N7: =+N6*1.6 -> 40735.328 | O7: =+O6*1.6 -> 54950 | P7: =+P6*1.6 -> 173125.16
B8: M5 | C8: Topógrafo | F8: H | G8: =44697.9*1.1 -> 49167.69 | I8: I. Cesantias | J8: 0.01
B9: M6 | C9: Cadenero | F9: H | G9: =24851.463*1.1 -> 27336.609 | I9: Vacaciones | J9: 0.0833
B10: M7 | C10: CUADRILLA I (Oficial + ayudante) | F10: H | G10: =57986.74335*1.1 -> 63785.418 | I10: Prima | J10: 0.0417
B11: M8 | C11: CUADRILLA II (Técnico + ayudante) | F11: H | G11: =57986.74335*1.1 -> 63785.418 | I11: Prestaciones sociales | J11: =SUM(J7:J10) -> 0.2183
B12: M9 | C12: CUADRILLA III (Oficial + 2 ayudante) | F12: H | G12: =82838.20635*1.1 -> 91122.027 | I12: Total | J12: =+J6+J11 -> 0.7783
B13: M10 | C13: CUADRILLA IV (Técnico + 2 ayudante) | F13: H | G13: =82838.20635*1.1 -> 91122.027
B14: M11 | C14: CUADRILLA V (Oficial + 3 ayudante) | F14: H | G14: =107689.66935*1.1 -> 118458.64
B15: M12 | C15: CUADRILLA VI (Oficial + 4 ayudante) | F15: H | G15: =132541.13235*1.1 -> 145795.25
B16: M13 | C16: CUADRILLA VII (Oficial + 6 ayudante) | F16: H | G16: 182244.06
B17: M14 | C17: CUADRILLA VIII (3 Oficial + 6 ayudante) | F17: H | G17: 248514.62 | I17: =+G12*8*7 -> 5102833.5
B18: M15 | C18: CUADRILLA IX (Tópógrafo + Cadenero) | F18: H | G18: =94400.826*1.1 -> 103840.91 | I18: =+G7*8*4 -> 1240584.9
B19: M16 | C19: CUADRILLA X (Personal especializado) | F19: H | G19: 140824.95 | I19: =+I18+I17 -> 6343418.4
